% Time on Ice - VICTORIA GLADIATORS
Lines # - Real PCT - Wanted PCT - Time Play
Normal Forward
1 - 36% - 38% - 16:21
2 - 31% - 34% - 13:58
3 - 17% - 24% - 7:39
4 - 16% - 4% - 7:03
Normal Defense
1 - 41% - 40% - 18:14
2 - 35% - 35% - 15:38
3 - 25% - 25% - 11:02
4 - 0% - 0% - 0:07
PP Forward
1 - 60% - 55% - 6:08
2 - 40% - 45% - 4:03
PP Defense
1 - 57% - 55% - 5:46
2 - 43% - 45% - 4:25
PK Forward
1 - 70% - 55% - 3:06
2 - 30% - 45% - 1:18
PK Defense
1 - 40% - 55% - 1:45
2 - 60% - 45% - 2:39
PK3 Forward
1 - 0% - 55%
2 - 0% - 45%
PK3 Defense
1 - 0% - 55%
2 - 0% - 45%
44 Forward
1 - 0% - 55%
2 - 0% - 45%
44 Defense
1 - 0% - 55%
2 - 0% - 45%
Last Minute Offensive  - 0:00
Last Minute Defensive  - 0:24
Total
Forward - 60:00
Defense - 60:00
% Time on Ice - REGINA FALCONS
Lines # - Real PCT - Wanted PCT - Time Play
Normal Forward
1 - 38% - 36% - 17:12
2 - 34% - 33% - 15:17
3 - 20% - 23% - 8:59
4 - 8% - 8% - 3:47
Normal Defense
1 - 37% - 36% - 16:39
2 - 34% - 33% - 15:33
3 - 23% - 24% - 10:17
4 - 6% - 7% - 2:46
PP Forward
1 - 57% - 60% - 2:30
2 - 43% - 40% - 1:54
PP Defense
1 - 57% - 60% - 2:30
2 - 43% - 40% - 1:54
PK Forward
1 - 78% - 60% - 7:55
2 - 22% - 40% - 2:16
PK Defense
1 - 53% - 60% - 5:22
2 - 47% - 40% - 4:49
PK3 Forward
1 - 0% - 50%
2 - 0% - 50%
PK3 Defense
1 - 0% - 50%
2 - 0% - 50%
44 Forward
1 - 0% - 55%
2 - 0% - 45%
44 Defense
1 - 0% - 55%
2 - 0% - 45%
Last Minute Offensive  - 0:10
Last Minute Defensive  - 0:00
Total
Forward - 60:00
Defense - 60:00
Play-by-Play 1st period 0:01 of 1st period - Jakub Voracek wins face-off versus Jonathan Miller in neutral zone. 0:06 of 1st period - Shot by Bryan Rust. 0:06 of 1st period - Stopped by Frederik Andersen without a rebound. 0:07 of 1st period - Ryan Getzlaf wins face-off versus Vincent Trocheck in REGINA FALCONS zone. 0:09 of 1st period - Icing by Patrik Laine. 0:10 of 1st period - Ryan Getzlaf wins face-off versus Tanner Pearson in REGINA FALCONS zone. 0:19 of 1st period - Shot by Patrik Laine. 0:19 of 1st period - Stopped by Carter Hart without a rebound. 0:20 of 1st period - Vincent Trocheck wins face-off versus Derick Brassard in VICTORIA GLADIATORS zone. 0:24 of 1st period - Off-side. 0:25 of 1st period - Anze Kopitar wins face-off versus Jonathan Miller in neutral zone. 0:37 of 1st period - Off-side. 0:38 of 1st period - Derick Brassard wins face-off versus Vincent Trocheck in neutral zone. 0:45 of 1st period - Icing by Vincent Trocheck. 0:46 of 1st period - Vincent Trocheck wins face-off versus Derick Brassard in VICTORIA GLADIATORS zone. 0:59 of 1st period - Shot by Kyle Connor. 0:59 of 1st period - Stopped by Frederik Andersen with a rebound. 1:01 of 1st period - Shot by Elias Lindholm. 1:01 of 1st period - Shot Blocked by Erik Gustafsson. 1:03 of 1st period - Shot by Vincent Trocheck. 1:03 of 1st period - Goal by Vincent Trocheck - VICTORIA GLADIATORS : 1 - REGINA FALCONS : 0. 1:04 of 1st period - Ryan Getzlaf wins face-off versus Jared McCann in neutral zone. 1:09 of 1st period - Brandon Carlo is hit by Jared McCann. 1:10 of 1st period - Icing by Brandon Carlo. 1:11 of 1st period - Ryan Getzlaf wins face-off versus Anze Kopitar in REGINA FALCONS zone. 2:05 of 1st period - Icing by Bryan Rust. 2:06 of 1st period - Jonathan Miller wins face-off versus Bryan Rust in VICTORIA GLADIATORS zone. 2:08 of 1st period - David Pastrnak is hit by Alex Goligoski and loses puck. 2:45 of 1st period - Shot by Max Pacioretty. 2:45 of 1st period - Shot Misses the Net. 2:47 of 1st period - Shot by Jonathan Miller. 2:47 of 1st period - Shot Blocked by Mattias Janmark. 3:14 of 1st period - Icing by Mattias Janmark. 3:15 of 1st period - Ryan Getzlaf wins face-off versus Tanner Pearson in VICTORIA GLADIATORS zone. 3:59 of 1st period - Icing by Nikita Zaitsev. 4:00 of 1st period - Derick Brassard wins face-off versus Vincent Trocheck in VICTORIA GLADIATORS zone. 4:05 of 1st period - Shot by Corey Perry. 4:05 of 1st period - Stopped by Carter Hart without a rebound. 4:06 of 1st period - Johan Larsson wins face-off versus Derick Brassard in VICTORIA GLADIATORS zone. 4:12 of 1st period - Off-side. 4:13 of 1st period - Vincent Trocheck wins face-off versus Jonathan Miller in neutral zone. 4:13 of 1st period - Vincent Trocheck is hit by Jonathan Miller. 4:17 of 1st period - Shot by Kyle Connor. 4:17 of 1st period - Stopped by Frederik Andersen with a rebound. 4:22 of 1st period - Vincent Trocheck is hit by Brenden Dillon and loses puck. 4:31 of 1st period - Shot by Kyle Connor. 4:31 of 1st period - Shot Misses the Net. 4:47 of 1st period - Shot by Kyle Connor. 4:47 of 1st period - Stopped by Frederik Andersen without a rebound. 4:48 of 1st period - Anze Kopitar wins face-off versus Derick Brassard in REGINA FALCONS zone. 4:57 of 1st period - Shot by Bryan Rust. 4:57 of 1st period - Stopped by Frederik Andersen without a rebound. 4:58 of 1st period - Johan Larsson wins face-off versus Christoffer Ehn in REGINA FALCONS zone. 5:04 of 1st period - Minor Penalty to John Hayden for Tripping. 5:05 of 1st period - Ryan Getzlaf wins face-off versus Johan Larsson in VICTORIA GLADIATORS zone. 5:06 of 1st period - Shot by David Pastrnak. 5:06 of 1st period - Shot Misses the Net. 7:09 of 1st period - Shot by Anze Kopitar. 7:09 of 1st period - Stopped by Frederik Andersen with a rebound. 7:19 of 1st period - Shot by Bryan Rust. 7:19 of 1st period - Stopped by Frederik Andersen without a rebound. 7:20 of 1st period - Anze Kopitar wins face-off versus Christoffer Ehn in REGINA FALCONS zone. 8:01 of 1st period - Shot by Bryan Rust. 8:01 of 1st period - Stopped by Frederik Andersen without a rebound. 8:02 of 1st period - Vincent Trocheck wins face-off versus Jonathan Audy-Marchessault in REGINA FALCONS zone. 8:07 of 1st period - Shot by Kyle Connor. 8:07 of 1st period - Shot Misses the Net. 8:31 of 1st period - Kyle Connor is hit by Brandon Carlo and loses puck. 8:35 of 1st period - Minor Penalty to Ryan Getzlaf for Interference. 8:36 of 1st period - Anze Kopitar wins face-off versus Derick Brassard in REGINA FALCONS zone. 8:38 of 1st period - Bryan Rust is hit by Brenden Dillon and loses puck. 8:45 of 1st period - Shot by Anze Kopitar. 8:45 of 1st period - Stopped by Frederik Andersen without a rebound. 8:46 of 1st period - Anze Kopitar wins face-off versus Derick Brassard in REGINA FALCONS zone. 8:51 of 1st period - Shot by Jakub Voracek. 8:51 of 1st period - Shot Misses the Net. 8:53 of 1st period - Shot by Duncan Keith. 8:53 of 1st period - Stopped by Frederik Andersen without a rebound. 8:54 of 1st period - Derick Brassard wins face-off versus Vincent Trocheck in REGINA FALCONS zone. 8:54 of 1st period - Derick Brassard is hit by Vincent Trocheck. 9:16 of 1st period - Shot by Kyle Connor. 9:16 of 1st period - Stopped by Frederik Andersen with a rebound. 9:18 of 1st period - Shot by Vincent Trocheck. 9:18 of 1st period - Goal by Vincent Trocheck - VICTORIA GLADIATORS : 2 - REGINA FALCONS : 0. 9:19 of 1st period - Jared McCann wins face-off versus Jonathan Miller in neutral zone. 9:38 of 1st period - Shot by David Pastrnak. 9:38 of 1st period - Stopped by Carter Hart without a rebound. 9:39 of 1st period - Ryan Getzlaf wins face-off versus Vincent Trocheck in VICTORIA GLADIATORS zone. 10:12 of 1st period - Shot by Kyle Connor. 10:12 of 1st period - Shot Misses the Net. 10:22 of 1st period - Shot by Kyle Connor. 10:22 of 1st period - Shot Misses the Net. 10:58 of 1st period - Shot by Bryan Rust. 10:58 of 1st period - Shot Misses the Net. 11:08 of 1st period - Shot by Bryan Rust. 11:08 of 1st period - Shot Misses the Net. 11:10 of 1st period - Shot by Alex Goligoski. 11:10 of 1st period - Shot Misses the Net. 11:16 of 1st period - Shot by Anze Kopitar. 11:16 of 1st period - Shot Blocked by Erik Johnson. 11:28 of 1st period - Shot by Bryan Rust. 11:28 of 1st period - Stopped by Frederik Andersen with a rebound. 11:51 of 1st period - Shot by Tanner Pearson. 11:51 of 1st period - Shot Blocked by Anton Stralman. 11:53 of 1st period - Shot by Tanner Pearson. 11:53 of 1st period - Stopped by Frederik Andersen without a rebound. 11:54 of 1st period - Derick Brassard wins face-off versus Johan Larsson in REGINA FALCONS zone. 12:25 of 1st period - Shot by Johan Larsson. 12:25 of 1st period - Stopped by Frederik Andersen without a rebound. 12:26 of 1st period - Ryan Getzlaf wins face-off versus Jared McCann in REGINA FALCONS zone. 12:26 of 1st period - Ryan Getzlaf is hit by Jared McCann. 12:46 of 1st period - Icing by Marco Scandella. 12:47 of 1st period - Jared McCann wins face-off versus Jonathan Miller in VICTORIA GLADIATORS zone. 12:47 of 1st period - Jared McCann is hit by David Pastrnak. 12:57 of 1st period - Shot by Jared McCann. 12:57 of 1st period - Deflect By Tanner Pearson. 12:57 of 1st period - Shot Misses the Net. 13:06 of 1st period - Minor Penalty to Brandon Carlo for Tripping. 13:07 of 1st period - Derick Brassard wins face-off versus Bryan Rust in REGINA FALCONS zone. 13:16 of 1st period - Shot by Jakub Voracek. 13:16 of 1st period - Deflect By Bryan Rust. 13:16 of 1st period - Stopped by Frederik Andersen without a rebound. 13:17 of 1st period - Anze Kopitar wins face-off versus Derick Brassard in REGINA FALCONS zone. 13:26 of 1st period - Shot by Bryan Rust. 13:26 of 1st period - Shot Misses the Net. 14:34 of 1st period - Shot by Elias Lindholm. 14:34 of 1st period - Shot Misses the Net. 14:36 of 1st period - Shot by Torey Krug. 14:36 of 1st period - Stopped by Frederik Andersen with a rebound. 14:38 of 1st period - Shot by Torey Krug. 14:38 of 1st period - Goal by Torey Krug - VICTORIA GLADIATORS : 3 - REGINA FALCONS : 0. 14:39 of 1st period - Jonathan Miller wins face-off versus Jared McCann in neutral zone. 14:41 of 1st period - Minor Penalty to Nick Holden for Hooking. 14:42 of 1st period - David Pastrnak wins face-off versus Tanner Pearson in VICTORIA GLADIATORS zone. 14:45 of 1st period - Shot by David Pastrnak. 14:45 of 1st period - Shot Misses the Net. 15:01 of 1st period - Shot by Jonathan Audy-Marchessault. 15:01 of 1st period - Shot Misses the Net. 15:03 of 1st period - Shot by Erik Johnson. 15:03 of 1st period - Stopped by Carter Hart with a rebound. 15:05 of 1st period - Shot by Ryan Getzlaf. 15:05 of 1st period - Shot Blocked by Marco Scandella. 15:07 of 1st period - Shot by Ryan Getzlaf. 15:07 of 1st period - Goal by Ryan Getzlaf - VICTORIA GLADIATORS : 3 - REGINA FALCONS : 1. 15:08 of 1st period - Jonathan Miller wins face-off versus Anze Kopitar in neutral zone. 15:19 of 1st period - Shot by Bryan Rust. 15:19 of 1st period - Stopped by Frederik Andersen without a rebound. 15:20 of 1st period - Derick Brassard wins face-off versus Vincent Trocheck in REGINA FALCONS zone. 15:24 of 1st period - Corey Perry is hit by Duncan Keith and loses puck. 16:41 of 1st period - Shot by Jonathan Miller. 16:41 of 1st period - Shot Blocked by Jakub Voracek. 16:41 of 1st period - Jakub Voracek from VICTORIA GLADIATORS is injured at 16:41 of 1st period (Back Spasms). 16:42 of 1st period - Ryan Getzlaf wins face-off versus Jared McCann in VICTORIA GLADIATORS zone. 17:11 of 1st period - Shot by Tanner Pearson. 17:11 of 1st period - Stopped by Frederik Andersen with a rebound. 18:31 of 1st period - Icing by Brandon Carlo. 18:32 of 1st period - Johan Larsson wins face-off versus David Pastrnak in REGINA FALCONS zone. 18:32 of 1st period - Alex Goligoski is hit by Marc-Edouard Vlasic and loses puck. 18:40 of 1st period - Icing by Brandon Carlo. 18:41 of 1st period - Jonathan Miller wins face-off versus Jared McCann in REGINA FALCONS zone. 18:54 of 1st period - Shot by Max Pacioretty. 18:54 of 1st period - Goal by Max Pacioretty - VICTORIA GLADIATORS : 3 - REGINA FALCONS : 2. 18:55 of 1st period - Anze Kopitar wins face-off versus Derick Brassard in neutral zone. 19:44 of 1st period - Icing by Anton Stralman. 19:45 of 1st period - Derick Brassard wins face-off versus Vincent Trocheck in REGINA FALCONS zone. Goals for this period are 3 for VICTORIA GLADIATORS vs 2 for REGINA FALCONS. Shots for this period are 21 for VICTORIA GLADIATORS vs 6 for REGINA FALCONS. 2nd period 0:01 of 2nd period - Jonathan Miller wins face-off versus Vincent Trocheck in neutral zone. 0:24 of 2nd period - Shot by Jonathan Miller. 0:24 of 2nd period - Shot Misses the Net. 1:27 of 2nd period - Shot by Patrik Laine. 1:27 of 2nd period - Shot Misses the Net. 1:39 of 2nd period - Shot by Patrik Laine. 1:39 of 2nd period - Stopped by Carter Hart without a rebound. 1:40 of 2nd period - Derick Brassard wins face-off versus Johan Larsson in VICTORIA GLADIATORS zone. 1:50 of 2nd period - Derek Grant is hit by Brenden Dillon and loses puck. 1:59 of 2nd period - Shot by Johan Larsson. 1:59 of 2nd period - Deflect By Derek Grant. 1:59 of 2nd period - Stopped by Frederik Andersen without a rebound. 2:00 of 2nd period - Anze Kopitar wins face-off versus Jonathan Miller in REGINA FALCONS zone. 2:19 of 2nd period - Shot by David Pastrnak. 2:19 of 2nd period - Shot Misses the Net. 2:21 of 2nd period - Shot by Olli Maatta. 2:21 of 2nd period - Deflect By Jonathan Miller. 2:21 of 2nd period - Stopped by Carter Hart without a rebound. 2:22 of 2nd period - Vincent Trocheck wins face-off versus Ryan Getzlaf in VICTORIA GLADIATORS zone. 3:29 of 2nd period - Torey Krug is hit by Patrik Laine and loses puck. 3:58 of 2nd period - Jonathan Miller is hit by Bryan Rust and loses puck. 4:09 of 2nd period - Shot by Bryan Rust. 4:09 of 2nd period - Shot Misses the Net. 4:21 of 2nd period - Shot by John Hayden. 4:21 of 2nd period - Shot Misses the Net. 4:23 of 2nd period - Shot by John Hayden. 4:23 of 2nd period - Shot Misses the Net. 4:25 of 2nd period - Shot by Johan Larsson. 4:25 of 2nd period - Stopped by Frederik Andersen without a rebound. 4:26 of 2nd period - Derick Brassard wins face-off versus John Hayden in REGINA FALCONS zone. 4:45 of 2nd period - Brenden Dillon is hit by John Hayden and loses puck. 4:54 of 2nd period - Shot by Johan Larsson. 4:54 of 2nd period - Shot Misses the Net. 4:56 of 2nd period - Shot by Marco Scandella. 4:56 of 2nd period - Stopped by Frederik Andersen without a rebound. 4:57 of 2nd period - Ryan Getzlaf wins face-off versus Vincent Trocheck in REGINA FALCONS zone. 5:02 of 2nd period - Shot by Jonathan Audy-Marchessault. 5:02 of 2nd period - Stopped by Carter Hart without a rebound. 5:03 of 2nd period - Anze Kopitar wins face-off versus Max Pacioretty in VICTORIA GLADIATORS zone. 5:21 of 2nd period - Shot by Jared McCann. 5:21 of 2nd period - Deflect By Bryan Rust. 5:21 of 2nd period - Stopped by Frederik Andersen with a rebound. 5:23 of 2nd period - Shot by Nikita Zaitsev. 5:23 of 2nd period - Shot Blocked by Brandon Carlo. 5:33 of 2nd period - Shot by Bryan Rust. 5:33 of 2nd period - Stopped by Frederik Andersen without a rebound. 5:34 of 2nd period - Vincent Trocheck wins face-off versus Derick Brassard in REGINA FALCONS zone. 5:41 of 2nd period - Shot by Kyle Connor. 5:41 of 2nd period - Stopped by Frederik Andersen without a rebound. 5:42 of 2nd period - Ryan Getzlaf wins face-off versus Kyle Connor in REGINA FALCONS zone. 6:06 of 2nd period - Shot by Jonathan Audy-Marchessault. 6:06 of 2nd period - Shot Misses the Net. 6:08 of 2nd period - Shot by Ryan Getzlaf. 6:08 of 2nd period - Shot Misses the Net. 6:18 of 2nd period - Shot by Patrik Laine. 6:18 of 2nd period - Shot Blocked by Alex Goligoski. 6:20 of 2nd period - Shot by Olli Maatta. 6:20 of 2nd period - Stopped by Carter Hart without a rebound. 6:21 of 2nd period - Jonathan Miller wins face-off versus Jared McCann in VICTORIA GLADIATORS zone. 6:24 of 2nd period - Shot by Max Pacioretty. 6:24 of 2nd period - Deflect By Jonathan Miller. 6:24 of 2nd period - Shot Misses the Net. 6:42 of 2nd period - Shot by Tanner Pearson. 6:42 of 2nd period - Stopped by Frederik Andersen without a rebound. 6:43 of 2nd period - Derick Brassard wins face-off versus Anze Kopitar in REGINA FALCONS zone. 7:04 of 2nd period - Anze Kopitar is hit by Brandon Carlo and loses puck. 7:11 of 2nd period - Shot by Bryan Rust. 7:11 of 2nd period - Stopped by Frederik Andersen without a rebound. 7:12 of 2nd period - Jonathan Miller wins face-off versus Vincent Trocheck in REGINA FALCONS zone. 7:12 of 2nd period - Jonathan Miller is hit by Elias Lindholm. 7:49 of 2nd period - Icing by Duncan Keith. 7:50 of 2nd period - Derick Brassard wins face-off versus Vincent Trocheck in VICTORIA GLADIATORS zone. 7:53 of 2nd period - Shot by Corey Perry. 7:53 of 2nd period - Stopped by Carter Hart without a rebound. 7:54 of 2nd period - Jared McCann wins face-off versus Derick Brassard in VICTORIA GLADIATORS zone. 8:00 of 2nd period - Icing by Brenden Dillon. 8:01 of 2nd period - Jared McCann wins face-off versus Derick Brassard in REGINA FALCONS zone. 8:57 of 2nd period - Shot by Jonathan Audy-Marchessault.